[Event "41st BAN National Women Chess-ch 2022"]
[Site "Dhaka"]
[Date "2022.11.24"]
[Round "7.6"]
[White "Hamid, Rani"]
[Black "Ahmed, Walijah"]
[Result "1-0"]
[ECO "B59"]
[WhiteElo "1760"]
[BlackElo "1977"]
[Annotator "TA"]
[PlyCount "221"]
[EventDate "2022.11.17"]
[EventCountry "BAN"]
[SourceTitle "playchess.com"]
[Source "ChessBase"]
[SourceQuality "1"]
[TimeControl "40/5400+30:1800+30"]

1. e4 c5 2. Nf3 d6 3. d4 cxd4 4. Nxd4 Nf6 5. Nc3 Nc6 6. Be2 e5 7. Nb3 Be7 8. Be3 Be6 9. O-O O-O 10. Kh1 a5 11. a4 Nb4 12. f4 Qc7 13. f5 {[%emt 0:02:34] B59: Classical Sicilian: 6 Be2 e5 7 Nb3.} Bc4 {[%emt 0:01:56] [#]} 14. Bxc4 $146 ({Predecessor:} 14. Bg5 Rfd8 15. Nd2 Ba6 16. Rc1 d5 17. Qe1 Bxe2 18. Qxe2 d4 19. Nb5 Qc5 20. c3 d3 {½-½ (60) Budimir,B (2345)-Stojanovic,D (2464) Banja Vrucica 2009}) 14... Qxc4 15. Nd2 {[%emt 0:00:10] The position is equal.} Qc6 16. Rc1 (16. Bg5 $11) 16... d5 $15 17. exd5 (17. Bg5 $15) 17... Nbxd5 (17... Nfxd5 18. Qf3 Nxc3 19. bxc3 Qxf3 20. Rxf3 Na2) (17... Nfxd5 $17 18. Qf3 Nxc3 19. bxc3 Nd5) 18. Nxd5 (18. Qf3) ({White should try} 18. Qf3 $1 $15) 18... Nxd5 $17 19. Qf3 Nxe3 $1 20. Qxe3 Qxa4 21. Ne4 f6 22. Rf3 Rad8 (22... Rac8 23. Qe2 Qc4) 23. Qb3+ Qxb3 24. Rxb3 Rd7 25. Kg1 Rb8 26. Ra1 (26. Rb5 $142) 26... Rd4 27. Re1 (27. Re3) 27... b5 28. Rf3 b4 29. b3 Rc8 30. Re2 Bd8 31. g4 Bb6 (31... Ra8 32. c3 Rd1+ 33. Kg2 Bb6) 32. Kg2 h6 33. h4 Kf7 34. g5 hxg5 (34... Rc6 35. gxh6 gxh6) 35. hxg5 Rh8 (35... Ke7 36. Rg3 Rxe4 37. gxf6+ Kxf6 38. Rxe4 Rxc2+ 39. Kf1 Kxf5) (35... Ke7 $17 36. gxf6+ gxf6) 36. g6+ Ke7 {[%emt 0:00:37] White must now prevent ...Rh4.} 37. Rh3 {[%emt 0:00:32] Prevents Rh4.} Rxh3 38. Kxh3 $15 {[%emt 0:00:02][%mdl 4096] Endgame KRB-KRN} Rd1 39. Ng3 $1 {[%emt 0:02:48] Against Rf1} Bd4 40. Kg4 Rg1 41. Kf3 Kf8 (41... Kd6 $11) 42. Rh2 $14 {[%emt 0:01:36][%mdl 1024] Hoping for Rh8+. White has compensation.} Kg8 {[%emt 0:00:09] Inhibits Rh8+.} 43. Re2 ({White should play} 43. Rh1 $1 $16) 43... Bc3 44. Kf2 Rd1 45. Kf3 Rd7 46. Ne4 Bd4 {[%emt 0:00:54] Prevents Nc5.} 47. Nd2 Rc7 {[%emt 0:00:57] aiming for ...Rc3+.} 48. Ne4 {[%emt 0:00:06] Against Rc3+} Rd7 49. Rd2 Rc7 {[%emt 0:00:33] Against Nc5} 50. Ke2 Kf8 51. Kd1 Ke7 52. Rd3 Kd7 {[%emt 0:02:01] [#]} (52... Rd7) (52... Rc8 $11 {remains equal.}) 53. Rh3 $1 $16 Bc5 $2 {[%emt 0:00:00][%mdl 8192] [#]} (53... Ra7) (53... Ra7 $16 {is tougher.}) 54. Nxf6+ $1 $18 Kc6 {[%emt 0:00:00] [#]} 55. Rh7 $1 Bf8 (55... gxf6 56. Rxc7+ Kxc7 57. g7) (55... gxf6 $2 56. Rxc7+ Kxc7 57. g7 $18) 56. Ng4 Kd5 57. f6 Ke6 {[%emt 0:00:00] [#]} 58. Rh8 $1 Bc5 (58... Bd6 59. f7 Kf5 60. Ne3+ (60. f8=Q+ Bxf8 61. Ne3+ Ke4) 60... Kxg6) (58... Bd6 $142 59. f7 Kf5 60. Ne3+ (60. f8=Q+ Bxf8 61. Ne3+ Ke4 $11) 60... Kxg6) 59. f7 {[%emt 0:00:00] Strongly threatening Re8+.} Kf5 {[%emt 0:00:00] [#]} 60. Ne3+ Kxg6 61. f8=Q ({Weaker is} 61. f8=R Bxe3 62. Rc8 Rf7 $14) 61... Bxf8 62. Rxf8 {[%emt 0:00:00] KRN-KR} a4 63. bxa4 Ra7 {[%emt 0:00:00] Inhibits Ra8.} 64. Nc4 Rxa4 65. Nxe5+ Kh5 (65... Kh6 {might work better.} 66. Rb8 g5) 66. Kc1 Ra5 67. Nd3 g5 68. Nxb4 g4 69. Nd3 g3 70. Kd2 Kg4 71. Rg8+ Kf3 72. Ne1+ Kf2 73. Rf8+ Kg1 74. Rf3 Kh2 75. Re3 Rd5+ 76. Rd3 Rf5 (76... Rc5 $142 77. Nf3+ Kh1) 77. Nf3+ Kh1 78. Ke3 Rc5 79. Rd1+ (79. Rd2 $142 Rc4 80. Ne1 Rg4 81. Ng2 Rg7 82. Kf3 Re7 83. Ne3 Rg7 84. Rd1+ Kh2 85. Ng4+ Rxg4 86. Kxg4) 79... Kg2 80. Rg1+ Kh3 81. Rh1+ $2 (81. Rc1 $18) 81... Kg2 $11 82. Rg1+ $2 (82. Rd1 $11 Rc3+ 83. Rd3 Rxc2 84. Ng5 (84. Ne1+ Kh2 $11)) 82... Kh3 $18 83. Rc1 Rc3+ 84. Ke4 Kg2 $2 (84... g2 {was necessary.} 85. Ng1+ Kh2) 85. Ne1+ (85. Nh4+ Kh2 86. Kd4) 85... Kh2 (85... Kf2 86. Kd4 (86. Nd3+ Ke2) 86... Rc8) (85... Kf2 $142 86. Kd4 (86. Nd3+ Ke2 $14) 86... Rc7) 86. Kd4 Rc8 87. c4 {[%emt 0:00:00] Threatening mate with c5.} Kg1 88. Nd3+ Kg2 89. c5 Kh2 90. Rc2+ {[%emt 0:00:00] White mates.} Kh1 91. Nf4 Rf8 92. Ke4 Rc8 93. c6 Kg1 94. Kf3 g2 95. Rxg2+ Kh1 96. Rc2 Kg1 97. c7 Kh1 98. Ke4 Kg1 99. Ke5 Kh1 100. Kd6 Rf8 101. Ne6 Rg8 102. Nd8 Rg6+ 103. Ke5 Rg5+ 104. Kf6 Rg4 105. c8=Q Rg3 106. Qc6+ Kg1 107. Qb6+ Kh1 108. Rc1+ Kh2 109. Qf2+ Kh3 110. Rh1+ Kg4 111. Qf5# {[%emt 0:00:00] What a bad dream for Black.   Weighted Error Value: White=0.21 (precise) /Black=0.34} 1-0

[Event "41st BAN National Women Chess-ch 2022"]
[Site "Dhaka"]
[Date "2022.11.25"]
[Round "8.1"]
[White "Khan, Nazrana"]
[Black "Ahmed, Walijah"]
[Result "1/2-1/2"]
[ECO "A95"]
[WhiteElo "1908"]
[BlackElo "1977"]
[Annotator "TA"]
[PlyCount "76"]
[EventDate "2022.11.17"]
[EventCountry "BAN"]
[SourceTitle "playchess.com"]
[Source "ChessBase"]
[SourceQuality "1"]
[TimeControl "40/5400+30:1800+30"]

1. d4 e6 2. c4 f5 3. g3 Nf6 4. Bg2 Be7 5. Nf3 O-O 6. O-O c6 7. Nc3 d5 8. Ne5 Nbd7 9. cxd5 {[%emt 0:04:56] A95: Classical Dutch: Classical Stonewall: 7 Nc3 c6.} cxd5 10. Nxd7 Bxd7 {[%emt 0:02:45] [#]} 11. Qb3 $146 ({Predecessor:} 11. Bf4 b5 12. a4 b4 13. Na2 Qb6 14. Nc1 Rac8 15. Nd3 Qxd4 16. Be3 Qc4 17. Bxa7 Bd6 {1-0 (53) Haemmerlein,T (2195)-Waldmann,H (2329) Berlin 2006}) 11... Qb6 12. Qxb6 axb6 13. Bd2 Rfc8 14. Rfc1 b5 15. a3 b4 16. axb4 Bxb4 17. e3 Bd6 18. Bf1 Kf7 19. f3 Bc6 20. f4 (20. Na4 $5 ) 20... Ke7 21. Bd3 Kd7 22. h3 Bb4 23. Kf2 {[%emt 0:01:19] The position is equal.} Bxc3 24. Bxc3 Ne4+ 25. Bxe4 fxe4 26. g4 Bb5 27. Kg3 Rf8 28. Ba5 {[%emt 0:02:51] Black must now prevent Rc7+.} Rfc8 {[%emt 0:01:16] [#] Inhibits Rc7+. aiming for ...Rxc1.} 29. Bc3 Rf8 30. g5 g6 31. Ba5 Rfc8 {[%emt 0:00:17] Prevents Rc7+. Hoping for ...Rxc1.} 32. Bc3 Ra6 33. Rxa6 bxa6 $11 {[%emt 0:00:33] KRB-KRB} 34. Ra1 Rc4 35. Kf2 Kc6 36. Ke1 Kb7 37. Kd2 Ra4 38. Rxa4 Bxa4 {[%emt 0:00:06] Weighted Error Value: White=0.06 (flawless) /Black=0.06 (flawless)} 1/2-1/2

[Event "41st BAN National Women Chess-ch 2022"]
[Site "Dhaka"]
[Date "2022.11.25"]
[Round "8.2"]
[White "Kazi Zarin, Tasnim"]
[Black "Hamid, Rani"]
[Result "1/2-1/2"]
[ECO "B42"]
[WhiteElo "1860"]
[BlackElo "1760"]
[Annotator "NA RC COMBH"]
[PlyCount "119"]
[EventDate "2022.11.17"]
[EventCountry "BAN"]
[SourceTitle "playchess.com"]
[Source "ChessBase"]
[SourceQuality "1"]
[TimeControl "40/5400+30:1800+30"]

1. e4 c5 2. Nf3 e6 3. d4 cxd4 4. Nxd4 a6 5. Bd3 Nf6 6. O-O d6 7. c4 Be7 8. Nc3 Qc7 9. Qe2 Nc6 10. Nxc6 bxc6 11. f4 e5 12. c5 dxc5 13. fxe5 (13. f5 $11) 13... Qxe5 14. Bf4 Qd4+ 15. Be3 {[%emt 0:00:26] [#]} Qd8 (15... Bg4 $142 $1 16. Qd2 (16. Bxd4 Bxe2 17. Nxe2 cxd4 $17) 16... Qd6) 16. e5 (16. Bc4 $14) 16... Nd5 $1 (16... Ng4 $2 17. Bc4 O-O 18. Rad1 $18) 17. Bc4 O-O 18. Rad1 Nxc3 $2 (18... Be6 $11 {and Black has nothing to worry.}) 19. bxc3 $2 (19. Bxf7+ $18 {and the rest is easy.} Rxf7 20. Rxd8+ Bxd8 21. bxc3 Rxf1+ 22. Qxf1) 19... Qc7 $2 {[%emt 0:01:30] [#]} (19... Qe8 $16 {is tougher.}) 20. Bf4 $2 ({White has to play} 20. Rxf7 $1 $18 Rxf7 21. Rf1) 20... Be6 21. Bxe6 fxe6 22. Qg4 (22. Qc4 $5 Qc8 23. h3 $11) 22... Rf5 23. Bh6 Rxf1+ 24. Rxf1 Qxe5 25. Bxg7 $1 Qxg7 26. Qxe6+ Kh8 27. Rf7 Qxc3 28. Qxe7 Qa1+ 29. Rf1 Qd4+ 30. Kh1 Rg8 31. Qf6+ Qxf6 32. Rxf6 Rb8 33. h3 Rb6 34. Rf5 Rb5 35. Rf6 Ra5 36. Kh2 Kg7 37. Rxc6 Kf7 38. Kg3 Ke7 39. Kf3 Kd7 40. Rh6 Rxa2 41. g4 a5 $11 42. Ke4 Rd2 43. Ra6 Rd4+ 44. Ke5 a4 45. Ra7+ (45. Rh6 $11 {keeps the balance.}) 45... Kc6 46. Rxh7 Rd1 ({Much weaker is} 46... Rd5+ 47. Ke4 $15) 47. Ra7 Re1+ 48. Kf5 Kb5 49. g5 c4 50. g6 c3 51. g7 ({Of course not} 51. Rc7 Rf1+ 52. Ke5 Rg1 $15) 51... Rg1 52. Kf6 Kb4 (52... c2 $5 53. Rc7 $8 Rf1+ 54. Ke7 Rg1 $11) 53. h4 $2 {[%emt 0:01:30] [#]} (53. Rb7+ $11 {and White stays safe.} Ka3 54. Rc7) 53... c2 $1 54. Rc7 {[%emt 0:00:07] [#]} Kb3 $1 55. Rb7+ Ka2 56. Rc7 Kb2 ({Weaker is} 56... c1=B {[#]} 57. Rxc1 $1 Rxc1 58. g8=Q+ $18 (58. g8=R Rf1+ 59. Kg6 Rh1 $11)) 57. Rb7+ Kc3 58. Rc7+ {[%emt 0:00:28] [#]} Kd2 $1 59. Rd7+ Kc3 $2 ({Black should try} 59... Kc1 $19 60. Kf7 a3) 60. Rc7+ 1/2-1/2

[Event "41st BAN National Women Chess-ch 2022"]
[Site "Dhaka"]
[Date "2022.11.25"]
[Round "8.3"]
[White "Warsia, Khusbu"]
[Black "Jannatul, Ferdous"]
[Result "1/2-1/2"]
[ECO "B12"]
[WhiteElo "1540"]
[BlackElo "1861"]
[Annotator "NA RC COMBH"]
[PlyCount "128"]
[EventDate "2022.11.17"]
[EventCountry "BAN"]
[SourceTitle "playchess.com"]
[Source "ChessBase"]
[SourceQuality "1"]
[TimeControl "40/5400+30:1800+30"]

1. e4 c6 2. d4 d5 3. e5 Bf5 4. Bd3 Bxd3 5. Qxd3 Qa5+ 6. Nd2 e6 7. h4 h5 8. Ngf3 Qa6 9. c4 Nh6 10. O-O Nf5 11. b3 Be7 12. g3 c5 13. dxc5 Bxc5 14. Kg2 Nc6 15. a3 Rd8 16. Bb2 dxc4 17. Qxc4 Qb6 18. Ne4 {[%emt 0:03:56] [#]} (18. Qe2 $11 {keeps the balance.}) 18... Bxf2 $1 19. Nd6+ $2 (19. Kh3 $17 {is more resistant.} Be3 20. Nd6+ Nxd6 21. exd6) 19... Rxd6 $1 ({Less strong is} 19... Nxd6 20. exd6 Be3 21. Rad1 $11 (21. Bxg7 Rg8 $11)) 20. Bc1 {[%emt 0:07:15] [#]} (20. Qe2 $142 Ne3+ 21. Kxf2 Nxf1+ 22. Kxf1) 20... Rd7 (20... Rd4 $142 $1 21. Nxd4 Bxd4) 21. Rxf2 Ne3+ ({Not} 21... Rd1 $2 22. Qc2 Rd5 23. Rb1) ({Black should try} 21... O-O $19 22. Bg5 Rd5) 22. Bxe3 Qxe3 23. Re1 Qd3 24. Qa4 {[%emt 0:02:30] [#]} Qg6 (24... O-O $1 $19 25. Ree2 Rfd8) 25. Ng5 (25. b4 $142) 25... O-O 26. Re4 Rfd8 27. Qc4 Rd4 (27... Rd2 $17 28. Ree2 R2d4) 28. Rxd4 Rxd4 $15 (28... Rd6 $2 ) 29. Qc5 (29. Qe2 Nd8) 29... Rd5 30. Qc4 Rxe5 31. Nxf7 Rf5 32. Ng5 Rxf2+ 33. Kxf2 Qf5+ 34. Kg1 Qd5 35. Nxe6 Qxc4 36. bxc4 Kf7 37. Nc5 Na5 38. a4 b6 39. Nd3 Nxc4 40. Kf2 Kf6 41. Nb4 Kf5 42. Nc6 a6 43. Nb4 (43. Nd4+ $142 Kg4 44. Nc6) 43... a5 44. Nd5 Ke4 45. Nf4 Nb2 46. Nxh5 g6 47. Nf4 Kf5 48. Kf3 Nxa4 49. g4+ Kf6 50. Nd5+ Kf7 51. Ke4 b5 52. Kd4 Nb2 53. Kc5 b4 54. Kb5 b3 55. Nc3 a4 56. Kb4 Ke6 $11 57. Ka3 Nc4+ 58. Kxa4 b2 59. Kb3 Ne5 60. Kxb2 Nxg4 61. Ne4 Kf5 62. Ng5 Nh6 63. Nh7 Kg4 64. Nf8 Kf5 1/2-1/2

[Event "41st BAN National Women Chess-ch 2022"]
[Site "Dhaka"]
[Date "2022.11.25"]
[Round "8.4"]
[White "Sabiha, Marjana"]
[Black "Noshin, Anjum"]
[Result "0-1"]
[ECO "C44"]
[WhiteElo "1267"]
[BlackElo "1907"]
[Annotator "TA"]
[PlyCount "112"]
[EventDate "2022.11.17"]
[EventCountry "BAN"]
[SourceTitle "playchess.com"]
[Source "ChessBase"]
[SourceQuality "1"]
[TimeControl "40/5400+30:1800+30"]

1. e4 e5 2. Nf3 Nc6 3. d3 Nf6 4. g3 Bc5 5. Bg2 d6 6. c3 {[%emt 0:02:19] C44: Ponziani Opening and Scotch Gambit.} a6 7. O-O O-O {[%emt 0:01:35] [#]} 8. a3 $146 {[%emt 0:03:05] The position is equal.} ({Predecessor:} 8. Re1 Ba7 9. Na3 Ne7 10. Nc2 Ng6 11. h3 Re8 12. Be3 c6 13. Bxa7 Rxa7 14. Ne3 {0-1 (35) Topalov,V (2772)-Carlsen,M (2881) Flor/Fjaere 2014}) 8... Ba7 9. b4 Bg4 10. Nbd2 Qd7 11. Nc4 Rfe8 12. Bg5 (12. Ne3 {simplifies} Bxe3 13. Bxe3 d5 14. Qc2) 12... d5 13. Ncd2 dxe4 14. dxe4 Nh5 (14... Re6 $15) 15. Qc2 (15. Re1 $11 {remains equal.}) 15... h6 $17 16. Be3 Bxe3 17. fxe3 Rad8 18. Rfe1 Qd3 19. Qxd3 Rxd3 20. Rac1 (20. Nb3 $15 {is superior.}) 20... Nf6 21. Rc2 Red8 {[%emt 0:02:00] Black has more active pieces.} 22. Bf1 R3d6 23. Be2 Bxf3 24. Nc4 {[%emt 0:05:30][%mdl 8192] [#] This move loses the game for White.} (24. Nxf3 $17 Nxe4 25. c4) 24... Bxe4 25. Nxd6 Bxc2 26. Nxb7 Ra8 {[%emt 0:41:45] Strongly threatening ...e4.} 27. Nc5 a5 {[%emt 0:00:00] Hoping for ...axb4.} 28. b5 Ne7 29. a4 Ned5 30. Bf1 Nb6 (30... Nxc3 $2 {loses.} 31. Rc1 $19) 31. Ra1 Rd8 32. Nb7 Rd1 33. Rxd1 Bxd1 34. Nxa5 Nxa4 35. c4 Nc5 36. h3 Kf8 37. Kf2 Nfe4+ 38. Ke1 Nxg3 39. Bg2 Bc2 40. Kd2 Be4 41. Bxe4 Ngxe4+ 42. Ke2 g5 43. Nc6 f6 44. Nb8 Ke7 45. Na6 Kd6 {[%emt 0:00:06] White must now prevent ...h5.} 46. Nb4 h5 {[%emt 0:00:00][%cal Bh6h5,Bh5g4,Bg4g3,Bg3g2][%mdl 32] [#] aiming for ...f5.} 47. Nd5 g4 48. hxg4 hxg4 49. b6 cxb6 {[%emt 0:00:00] Black mates.} 50. Nxb6 g3 51. Kf3 f5 52. Nd5 Nd3 53. Nb6 Ne1+ 54. Ke2 g2 55. c5+ Kxc5 56. Na4+ Kb4 {[%emt 0:00:00] Weighted Error Value: White=0.36/Black=0.12 (very precise)} 0-1

[Event "41st BAN National Women Chess-ch 2022"]
[Site "Dhaka"]
[Date "2022.11.25"]
[Round "8.5"]
[White "Wadifa, Ahmed"]
[Black "Tasnia Tarannum, Orpa"]
[Result "0-1"]
[ECO "B12"]
[WhiteElo "1656"]
[BlackElo "1662"]
[Annotator "NA RC COMBH"]
[PlyCount "102"]
[EventDate "2022.11.17"]
[EventCountry "BAN"]
[SourceTitle "playchess.com"]
[Source "ChessBase"]
[SourceQuality "1"]
[TimeControl "40/5400+30:1800+30"]

1. e4 c6 2. d4 d5 3. e5 Bf5 4. Nf3 e6 5. Be2 Ne7 6. O-O Bg6 7. Nbd2 Nd7 8. Nb3 c5 9. Nxc5 Nxc5 10. dxc5 Nc6 11. Be3 Qa5 12. c3 Be7 13. b4 Qc7 14. Bd4 Bh5 15. Re1 O-O 16. a4 a5 17. Qd2 h6 18. Qb2 Rac8 19. Nd2 Bg6 20. Bf1 Bg5 21. b5 Nb8 22. Nb3 Qd8 23. b6 Nc6 24. Bb5 Ra8 25. Rad1 Qc8 26. c4 dxc4 27. Bxc4 Rd8 28. Bc3 Be7 29. Bb5 Rxd1 30. Rxd1 Be4 31. Bc4 Nd8 32. Qe2 Bg6 33. Bd4 Nc6 34. Qd2 Nxd4 35. Qxd4 Bc2 36. Rc1 Bxb3 37. Bxb3 Qc6 38. h3 Rc8 39. Bd1 Bxc5 40. Qb2 Bxf2+ 41. Kxf2 Qxc1 42. Qxc1 Rxc1 43. Bf3 Rb1 44. Bxb7 Rxb6 45. Bc8 Rb4 46. Bd7 Re4 47. Kf3 Rxe5 48. Kf4 Rd5 49. Bb5 Kf8 50. Ke3 Ke7 51. Bc4 Kd6 0-1

[Event "41st BAN National Women Chess-ch 2022"]
[Site "Dhaka"]
[Date "2022.11.25"]
[Round "8.6"]
[White "Talukder, Umme Taslima Protiva"]
[Black "Nusrat Jahan, Alo"]
[Result "0-1"]
[ECO "D02"]
[WhiteElo "1780"]
[BlackElo "1710"]
[Annotator "NA RC COMBH"]
[PlyCount "130"]
[EventDate "2022.11.17"]
[EventCountry "BAN"]
[SourceTitle "playchess.com"]
[Source "ChessBase"]
[SourceQuality "1"]
[TimeControl "40/5400+30:1800+30"]

1. d4 d5 2. Bf4 Nf6 3. e3 e6 4. Nf3 Bd6 5. Bg3 O-O 6. Bd3 c5 7. c3 Qc7 8. Nbd2 Nbd7 9. O-O b6 10. e4 Bxg3 11. hxg3 dxe4 12. Nxe4 Bb7 13. Qe2 Rfd8 14. Rfd1 Qc6 15. Nxf6+ Nxf6 16. Bb5 Qd5 17. dxc5 Qxc5 18. Ba6 Bxa6 19. Qxa6 Ne4 20. Nd4 e5 21. Qe2 Nxc3 22. bxc3 exd4 23. cxd4 Rxd4 24. Rdc1 Qd6 25. Qf3 Re8 26. Rc6 Qe7 27. Rac1 Rd7 28. Qf4 h6 29. Rc7 f6 30. Qc4+ Kh8 31. Rc8 Rxc8 32. Qxc8+ Qd8 33. Qxd8+ Rxd8 34. Rc7 Rd1+ 35. Kh2 a5 36. Rc2 b5 37. g4 Kg8 38. Kg3 Kf7 39. Rc5 Rb1 40. Rc7+ Ke6 41. Rxg7 Rb2 42. Rg6 Rxa2 43. Rxh6 Kf7 44. Rh5 Rb2 45. Rh7+ Kg6 46. Ra7 a4 47. f4 Ra2 48. Rb7 Rb2 49. Ra7 Rb3+ 50. Kh4 a3 51. f5+ Kh6 52. Rf7 Rb4 53. Rxf6+ Kg7 54. Rg6+ Kf7 55. Ra6 Ra4 56. Rb6 a2 57. Rb7+ Ke8 58. Rb8+ Kd7 59. f6 a1=Q 60. f7 Qf6+ 61. Kh3 Qh6+ 62. Kg3 Qf4+ 63. Kh3 Qxg4+ 64. Kh2 Qh4+ 65. Kg1 Ra1# 0-1

[Event "41st BAN National Women Chess-ch 2022"]
[Site "Dhaka"]
[Date "2022.11.26"]
[Round "9.1"]
[White "Nusrat Jahan, Alo"]
[Black "Khan, Nazrana"]
[Result "1/2-1/2"]
[ECO "D02"]
[WhiteElo "1710"]
[BlackElo "1908"]
[Annotator "TA"]
[PlyCount "117"]
[EventDate "2022.11.17"]
[EventCountry "BAN"]
[SourceTitle "playchess.com"]
[Source "ChessBase"]
[SourceQuality "1"]
[TimeControl "40/5400+30:1800+30"]

1. d4 d5 2. Bf4 Nf6 3. e3 c5 4. c3 Nc6 5. Nf3 Qb6 6. Qb3 c4 7. Qxb6 axb6 8. Na3 Bf5 9. Nh4 {[%emt 0:09:40] D02: 1 d4 d5 2 Nf3 sidelines, including 2...Nf6 3 g3 and 2...Nf6 3 Bf4.} e6 10. Nxf5 exf5 11. Nb5 {[%emt 0:07:05] And now Nc7+ would win. White has an edge.} Ra5 12. a4 Kd7 13. Be2 Be7 {[%emt 0:04:19] White must now prevent ...Rha8.} 14. Bd1 Rha8 15. Rb1 {[%emt 0:05:14] [#]} Ne4 $146 (15... Na7) (15... Na7 $1 $11) ({Predecessor:} 15... Na7 16. Nxa7 R8xa7 17. Bc2 g6 18. Bb8 Ra8 19. Be5 Ng4 20. Bg3 h5 21. h3 Nf6 {1-0 (60) Bleis,C (2252)-Andersen,E Copenhagen 2003}) 16. b4 $2 (16. f3 Nf6 17. b4 cxb3 18. Bxb3) (16. f3 $16 {stays on course.} Nf6 17. b4 cxb3 18. Bxb3) 16... cxb3 $2 (16... Rxa4 17. f3 (17. Bxa4 Rxa4 18. O-O Na7) 17... Nxc3 18. Nxc3 Bxb4) (16... Rxa4 $17 17. f3 (17. Bxa4 Rxa4 18. O-O Na7 $17) 17... Nxc3 $1 18. Nxc3 Bxb4 19. Rxb4 Rxb4 20. Nxd5 Rb2) 17. Bxb3 $11 Na7 18. Nc7 (18. Bxd5 Nxb5 19. Bxe4 (19. Rxb5 Rxb5 20. axb5 Ra1+ 21. Ke2 Rxh1) (19. axb5 Nxc3 20. Bxb7 Nxb1) 19... Nxc3) (18. Bxd5 $2 {is the wrong capture.} Nxb5 19. Bxe4 (19. Rxb5 $2 Rxb5 20. axb5 Ra1+ 21. Ke2 Rxh1 $19) (19. axb5 $2 Nxc3 20. Bxb7 Nxb1 $19) 19... Nxc3 $19) 18... Rc8 19. Nxd5 (19. Bxd5 Nxc3 20. Rxb6 Rxc7) ({Inferior is} 19. Bxd5 Nxc3 20. Rxb6 Rxc7 $19) 19... Rxd5 {[%emt 0:00:29][%mdl 64] Remove Defender} 20. Bxd5 {[%emt 0:00:06][%mdl 64] Discovered Attack. This pair of bishops is nice.} Nxc3 21. Rxb6 Nxd5 22. Rxb7+ Kd8 23. O-O (23. Rxa7 Rc1+ 24. Kd2 Rxh1) (23. Kd2 Bb4+ 24. Ke2 Nxf4+ 25. Kf3 (25. exf4 Rc2+ 26. Kf3 Rc3+ 27. Ke2 Rc2+ 28. Kf3 Rc3+ 29. Ke2 Rc2+)) ({Much weaker is} 23. Rxa7 Rc1+ 24. Kd2 Rxh1 $17) (23. Kd2 {keeps more tension.} Bb4+ 24. Ke2 Nxf4+ 25. Kf3) 23... Nxf4 (23... Ra8) (23... Ra8 $11 {remains equal.}) 24. Rxa7 $16 (24. exf4 Rc7 25. Rxc7 Kxc7) 24... Ne6 (24... Ne2+ 25. Kh1 Rc7 26. Ra8+ Rc8) (24... Ne2+ $16 25. Kh1 Rc7 26. Ra8+ Rc8) 25. g3 $18 Rc7 26. Ra5 g6 27. Rd1 (27. Ra8+ Rc8 28. Rxc8+ Kxc8 29. Rb1) 27... Kd7 28. Ra6 (28. Rb1) (28. Rb1 $16) 28... Rb7 $1 $11 {[%emt 0:01:57] Strongly threatening ...Nc7.} 29. Ra5 $2 {[%emt 0:04:45] [#]} (29. a5) (29. a5 $11 {and White has nothing to worry.}) 29... Nc7 $1 $19 30. g4 (30. h3) (30. e4 $17) 30... fxg4 31. Re5 Ra7 32. d5 Rxa4 (32... Ne8 33. Re4 f5) (32... Ne8 $19 {is more deadly. Hoping for ...Nd6.} 33. Re4 f5) 33. Rxe7+ $17 {[%emt 0:00:09][%mdl 64] Remove Defender, Decoy} Kxe7 $19 {[%emt 0:00:13][%mdl 4096] Endgame KRN-KR} 34. d6+ Kd7 (34... Kf6 {looks sharper.} 35. dxc7 Rc4 36. Rd4 Rc1+) 35. dxc7+ Kxc7 $17 {[%emt 0:00:22] KR-KR} 36. Rc1+ (36. Kg2) (36. Kg2 $142) 36... Kd7 37. Rc5 (37. Kg2) 37... h5 38. Kg2 Ra6 (38... Kd6 39. Rc2 g5) (38... Ra2 $19 39. Rb5 Ke6) 39. h3 Ra4 40. Rb5 gxh3+ 41. Kxh3 Rg4 42. f3 Rg1 43. e4 Ke6 44. Kh2 Rd1 45. Kg3 f6 46. f4 {[%emt 0:00:00] Inhibits g5.} Rd3+ 47. Kf2 Ke7 48. e5 fxe5 49. Rxe5+ Kf6 50. Rg5 h4 (50... Ra3) (50... Rb3 $17) 51. Kg2 $11 {[%emt 0:00:00] The position is equal.} h3+ (51... Rb3 {simplifies} 52. Rg4 Ra3 53. Rxh4 Kf5) 52. Kh2 Rf3 53. Ra5 Rxf4 {[%emt 0:00:00] Threatens to win with ...Rf3.} 54. Kxh3 g5 55. Kg3 Kg6 56. Ra8 Rb4 57. Rg8+ Kf6 58. Rf8+ Kg7 59. Ra8 {[%emt 0:00:00] Black had all chances to win.   Weighted Error Value: White=0.28 (precise) /Black=0.24 (precise)} 1/2-1/2

[Event "41st BAN National Women Chess-ch 2022"]
[Site "Dhaka"]
[Date "2022.11.26"]
[Round "9.2"]
[White "Tasnia Tarannum, Orpa"]
[Black "Talukder, Umme Taslima Protiva"]
[Result "0-1"]
[ECO "B07"]
[WhiteElo "1662"]
[BlackElo "1780"]
[Annotator "NA RC COMBH"]
[PlyCount "130"]
[EventDate "2022.11.17"]
[EventCountry "BAN"]
[SourceTitle "playchess.com"]
[Source "ChessBase"]
[SourceQuality "1"]
[TimeControl "40/5400+30:1800+30"]

1. d4 Nf6 2. Bf4 g6 3. Nc3 Bg7 4. e4 d6 5. Qd2 h5 6. Nf3 c6 7. O-O-O a5 8. a4 Na6 9. e5 dxe5 10. Nxe5 Nb4 11. f3 Bf5 12. Bc4 e6 13. Bb3 Nfd5 14. Nxd5 cxd5 15. Kb1 f6 16. Nd3 Nxd3 17. cxd3 Qb6 18. Qc3 Kd7 19. Ba2 Rhc8 20. Qb3 Qxb3 21. Bxb3 Rc6 22. h3 g5 23. Bh2 Rac8 24. Rhe1 Rb6 25. Ka2 Rb4 26. Rc1 Rc6 27. Rc3 Rxd4 28. Rec1 Rxd3 29. Rxc6 bxc6 30. Rc5 Rd2 31. Rxa5 Bf8 32. Ra7+ Ke8 33. a5 e5 34. a6 Bc5 35. Ra8+ Kd7 36. a7 Bxa7 37. Rxa7+ Kd6 38. Bg1 d4 39. g4 hxg4 40. hxg4 Bd7 41. Ra4 Rg2 42. Bxd4 exd4 43. Rxd4+ Kc7 44. Bc4 Rf2 45. Rd3 f5 46. gxf5 Bxf5 47. Re3 Kd6 48. Bd3 Be6+ 49. Ka3 Bd5 50. Be4 Bxe4 51. fxe4 Ke5 52. Rc3 Rf6 53. Rc5+ Kf4 54. Kb3 g4 55. e5 Re6 56. Rc4+ Kf3 57. Rc3+ Kf4 58. Rc4+ Kf5 59. Kc3 g3 60. Kd4 g2 61. Rc1 Rxe5 62. Rg1 Re2 63. b4 Kf4 64. Kc5 Rc2+ 65. Kd6 Kf3 0-1